 Dungeon Crawl Stone Soup version 0.29.1-14-g9c671dbff4 (webtiles) character file.

Game seed: 12352850273691776515

28 Sanktem7 the Trooper (level 3, -1/33 HPs)
             Began as a Minotaur Fighter on Feb 18, 2023.
             Killed from afar by Sigmund (7 damage)
             ... with a puff of flame
             ... on level 2 of the Dungeon.
             The game lasted 00:01:49 (1096 turns).

Sanktem7 the Trooper (Minotaur Fighter)             Turns: 1096, Time: 00:01:50

Health: -1/33      AC:  8    Str: 22    XL:     3   Next: 0%
Magic:  2/2        EV:  9    Int:  5    God:
Gold:   50         SH:  0    Dex:  9    Spells: 2/2 levels left

rFire   . . .      SeeInvis .   a - +0 war axe {axe}
rCold   . . .      Faith    .   c - +0 buckler
rNeg    . . .      Spirit   .   b - +0 scale mail
rPois   .          Reflect  .   (helmet restricted)
rElec   .          Harm     .   (no cloak)
rCorr   .          Rampage  .   n - +0 pair of gloves
Will    .....                   (no boots)
Stlth   ..........              (no amulet)
HPRegen 0.11/turn               (no ring)
MPRegen 0.08/turn               (no ring)

@: confused
A: horns 2, retaliatory headbutt
a: no special abilities


You were on level 2 of the Dungeon.
You visited 1 branch of the dungeon, and saw 2 of its levels.

You collected 50 gold pieces.


Innate Abilities, Weirdness & Mutations

You have a pair of horns on your head.
You reflexively headbutt those who attack you in melee.


   Skills:
 * Level 4.2 Fighting
 * Level 3.3 Axes
 + Level 3.9 Armour
 - Level 3.6 Shields


You had 2 spell levels left.
You didn't know any spells.
Your spell library contained the following spells:

 Spells                   Type           Power      Damage    Failure   Level
 Static Discharge         Conj/Air       0%         3-3/arc   95%         2
 Dispel Undead            Necr           0%         3d6       100%        4
 Sticky Flame             Conj/Fire      0%         2d3       100%        4

Inventory:

Hand Weapons
 a - a +0 war axe (weapon) {axe}
Missiles
 i - 11 stones (quivered) {throwing}
 m - 6 poisoned darts {throwing}
Armour
 b - a +0 scale mail (worn)
 c - a +0 buckler (worn)
 h - an orb of mayhem
   (You found it on level 1 of the Dungeon)
 n - a +0 pair of gloves (worn)
   (You found it on level 1 of the Dungeon)
Scrolls
 e - a scroll of summoning {unknown}
 g - 3 scrolls of identify {unknown}
 l - a scroll of blinking {unknown}
Potions
 d - a potion of might
 f - a potion of degeneration {unknown}
 j - a potion of attraction {unknown}
 k - a potion of flight {unknown}
 o - a potion of cancellation {unknown}
 p - a potion of curing {unknown}

Dungeon Overview and Level Annotations

Branches:
Dungeon (2/15) Zot: 10874

Altars:

Annotations:
D:2 Sigmund

....####....#####.#
#@.##............#
#..#......########
#..#......# # ...
#.........# # ..
#.#####.### # ..
#.....#.########## .
#####.#.#.........
#.#@.@..#.#.########
#.#.#####.#.#
#.........#.########
#.#.....#.#........#
#.....###.##########.#
#..................#.#
##.######.######...#.#
#.#.....<...).......#
. #.#######...###.###


You could see Sigmund.


Message History

Moving in this stuff is going to be slow.
You enter the shallow water.
Moving in this stuff is going to be slow.
Partly explored, can't reach some places.
There is a stone staircase leading down here.
You climb downwards.
There is a stone staircase leading up here.
A ball python comes into view.
A ball python is nearby!
You closely miss the ball python. You block the ball python's attack.
The ball python grabs you. The ball python constricts you.
The ball python bites you.
The ball python constricts you. 😕 HP[-1]
You take 1 damage, and now have 26/27 hp.
You hit the ball python.
The ball python bites you but does no damage.
The ball python constricts you. 😎 HP[+1]
Your hp is fully restored (27).
You slash the ball python!
You kill the ball python!
No target in view!
No target in view!
No target in view!
No target in view!
No target in view!
No target in view!
No target in view!
No target in view!
No target in view!
No target in view!
No target in view!
No target in view!
No target in view!
No target in view!
No target in view!
You pick up a book of Touch and begin reading...
You add the spells Static Discharge, Sticky Flame and Dispel Undead to your library.
You see here a ball python corpse.
Key pressed, stopping explore.
Found a stone staircase leading up.
No target in view!
No target in view!
No target in view!
No target in view!
No target in view!
No target in view!
No target in view!
No target in view!
No target in view!
No target in view!
You now have 50 gold pieces (gained 8).
There is a stone staircase leading up here.
You open the door.
There is an open door here.
There is an open door here.
p - a fuming brown potion No target in view!
Sigmund and a rat come into view.
Sigmund shouts!
The rat moves out of view.
Sigmund casts a spell at you. The magic dart hits you. 😕 HP[-3]
You take 3 damage, and now have 24/27 hp.
Sigmund drinks a potion.
Sigmund's spells are empowered! 😕 HP[+1]
You block the rat's attack.
You hit the rat. Your headbutt misses the rat. Sigmund barely misses you.
The rat bites you but does no damage. 😕 HP[+1]
You hit the rat.
You kill the rat!
Sigmund hits you from afar with a +0 scythe!
You have reached level 3!
Your experience leads to an increase in your attributes!
Increase (S)trength, (I)ntelligence, or (D)exterity?
You feel stronger. x2 😮 HP[-4] MP[+1]
You now have 33 max hp (+6).
Your mp is fully restored (2).
Sigmund points at you and mumbles some strange words.
The puff of flame hits you!
* * * LOW HITPOINT WARNING * * *
😱 HP[-16]
You take 16 damage, and now have 6/33 hp.
MASSIVE DAMAGE!! (PAUSE)
You slash Sigmund! You headbutt Sigmund. Sigmund casts a spell at you.
You are confused.
Sigmund casts a spell at you.
The puff of flame hits you but does no damage.
You bump into the rock wall.
Sigmund seems less brilliant.
Sigmund gestures at you while chanting.
The magic dart hits you but does no damage.
You're too confused to move!
Sigmund gestures at you while chanting. The puff of flame hits you!
You die...

Skill      XL: |  1  2 |
---------------+-------+-----
Fighting       | 4 |  4.2
Axes           | 3 |  3.3
Armour         | |  3.9
Shields        | |  3.6

Action                   || total
-------------------------++-------
Melee: War axe           ||    51
       Headbutt          ||     8
Armor: Scale mail        ||    31
Dodge: Dodged            ||    16
Block: Buckler           ||    12

Levels and vault maps discovered:
D:1:      dpeg_arrival_rooms_a, layout_basic, dreamdust_ecumenical_altar_grove,
          chequers_serial_rivers_large_a, minmay_pentomino_u4
D:2:      layout_basic, serial_shops, nicolae_shop_hallway_stairs,
          kennysheep_generic_room_11, uniq_sigmund

Notes
Turn   | Place    | Note
-------+----------+-------------------------------------------
     0 | D:1      | Sanktem7 the Minotaur Fighter began the quest for the Orb.
     0 | D:1      | Reached XP level 1. HP: 19/19 MP: 0/0
     0 | D:1      | magus.rc [v1.9.6]
   221 | D:1      | Reached XP level 2. HP: 27/27 MP: 1/1
   240 | D:1      | Found a faded altar of an unknown god.
   249 | D:1      | Reached skill level 4 in Fighting
   310 | D:1      | Reached skill level 3 in Axes
   938 | D:2      | You pick up a book of Touch and begin reading...
   938 | D:2      | You add the spells Static Discharge, Sticky Flame and
                  | Dispel Undead to your library.
  1073 | D:2      | Noticed Sigmund
  1092 | D:2      | Reached XP level 3. HP: 22/33 MP: 2/2
  1092 | D:2      | HP: 6/33 [Sigmund/puff of flame (16)]
  1096 | D:2      | Killed from afar by Sigmund

Vanquished Creatures
  A dart slug (D:1)
  2 ball pythons
  2 bats (D:1)
  3 endoplasms (D:1)
  A giant cockroach (D:1)
  2 goblins (D:1)
  2 hobgoblins (D:1)
  2 jackals (D:1)
  3 quokkas (D:1)
  2 kobolds (D:1)
  2 rats
22 creatures vanquished.

Vanquished Creatures (others)
  A fungus (D:1)
1 creature vanquished.

Grand Total: 23 creatures vanquished

Table legend:
 A = Non-vault XP
 B = Vault XP
 C = Vault XP percentage of total XP
 D = Non-vault monster count
 E = Vault monster count
 F = Vault count percentage of total count
                 A         B        C        D         E       F
            +---------+---------+-------+---------+---------+-------
      Total |      37 |       4 |   9.8 |      20 |       2 |   9.1
            +---------+---------+-------+---------+---------+-------
        D:1 |      34 |       4 |  10.5 |      18 |       2 |  10.0
        D:2 |       3 |       0 |   0.0 |       2 |       0 |   0.0
            +---------+---------+-------+---------+---------+-------

Illustrated notes

Table legend:
 A = Kills in this place as a percentage of kills in entire the game.
 B = Kills by you in this place as a percentage of kills by you in the entire game.
 C = Kills by friends in this place as a percentage of kills by friends in the entire game.
 D = Other kills in this place as a percentage of other kills in the entire game.
 E = Experience gained in this place as a percentage of experience gained in the entire game.
 F = Experience gained in this place divided by the number of levels of this place that you have seen.
                   A       B       C       D       E      F
               +-------+-------+-------+-------+-------+----------------------
         Total | 100.0 | 100.0 |   N/A |   N/A | 100.0 |  20.5
       Dungeon | 100.0 | 100.0 |   N/A |   N/A | 100.0 |  20.5
               +-------+-------+-------+-------+-------+----------------------

Table legend: (Time is in decaauts)
 A = Elapsed time spent in this place.
 B = Non-inter-level travel time spent in this place.
 C = Inter-level travel time spent in this place.
 D = Time resting spent in this place.
 E = Time spent auto-exploring this place.
 F = Levels seen in this place.
 G = Mean time per level.
                   A        B        C        D        E       F      G
               +--------+--------+--------+--------+--------+-----+--------+
         Total |   1124 |   1099 |     25 |      0 |    924 |   2 |  562.0 |
       Dungeon |   1124 |   1099 |     25 |      0 |    924 |   2 |  562.0 |
               +--------+--------+--------+--------+--------+-----+--------+

Top non-repeatable levels by time:
     D:1: 946 daAuts
     D:2: 178 daAuts
